[Event "British Championship 2024"]
[Site "Hull"]
[Date "2024.07.31"]
[Round "4.20"]
[White "Brewer, Callum D"]
[Black "Ledger, Andrew J"]
[Result "0-1"]
[Annotator "RC"]
[ECO "B12"]
[WhiteElo "2161"]
[BlackElo "2334"]
[PlyCount "144"]
[EventDate "2024.07.31"]
[EventCountry "GBR"]
[SourceTitle "playchess.com"]
[Source "ChessBase"]
[SourceQuality "1"]
[TimeControl "40/5400+30:1800+30"]

1. e4 c6 2. d4 d5 3. f3 e6 4. Nc3 Qb6 5. a3 Nd7 6. Be3 Ngf6 7. Be2 Be7 8. e5 Ng8 9. f4 Nh6 10. Nf3 O-O 11. h3 Nf5 12. Bf2 c5 13. O-O cxd4 14. Nxd4 Nxd4 15. Bxd4 Bc5 16. Bxc5 Nxc5 17. Qd4 Bd7 18. Rad1 Rfc8 19. f5 Na4 20. Nxa4 Bxa4 21. b3 Rxc2 22. Qxb6 axb6 23. Bd3 Bxb3 24. fxe6 Rc6 25. Rb1 Bc4 26. Bxc4 dxc4 27. Rxf7 c3 28. Rf3 Rxa3 29. e7 Ra8 30. Rbf1 Rcc8 31. Rc1 c2 32. Rf2 Re8 33. Rfxc2 Rxe7 34. Rb2 Ra6 35. Rb5 Kf7 36. Rd1 Ra5 37. Rxb6 Raxe5 38. Kh2 R5e6 39. Rb5 b6 40. Rdb1 Rb7 41. R1b3 Ke7 42. g4 Kd7 43. Rh5 h6 44. Rf5 Rc7 45. Kg3 Kc8 46. h4 Kb7 47. g5 hxg5 48. hxg5 Rec6 49. Kg4 g6 50. Rf6 Rc4+ 51. Kg3 R7c6 52. Rb1 R4c5 53. Rf7+ Rc7 54. Rf6 Rxg5+ 55. Kf4 Rf5+ 56. Rxf5 Rc4+ 57. Kg5 gxf5 58. Kxf5 Kc6 59. Ke5 Kc5 60. Rh1 b5 61. Rh8 Kb4 62. Kd5 Kb3 63. Rh3+ Rc3 64. Rh2 b4 65. Kd4 Rc2 66. Rh8 Kb2 67. Kd3 b3 68. Rb8 Rc7 69. Rb6 Rd7+ 70. Kc4 Kc2 71. Rh6 b2 72. Rh2+ Rd2 0-1

[Event "British Championship 2024"]
[Site "Hull"]
[Date "2024.07.31"]
[Round "4.21"]
[White "Wu, Li"]
[Black "Kanyamarala, Trisha"]
[Result "0-1"]
[Annotator "RC"]
[ECO "D02"]
[WhiteElo "2328"]
[BlackElo "2219"]
[PlyCount "58"]
[EventDate "2024.07.31"]
[EventCountry "GBR"]
[SourceTitle "playchess.com"]
[Source "ChessBase"]
[SourceQuality "1"]
[TimeControl "40/5400+30:1800+30"]

1. Nf3 d5 2. g3 Nc6 3. d4 Bf5 4. a3 Nf6 5. Bg2 e6 6. O-O h6 7. c4 Be7 8. cxd5 exd5 9. b4 a6 10. Bb2 O-O 11. Ne5 Na7 12. f3 c6 13. Nd2 a5 14. e4 Be6 15. Nd3 dxe4 16. fxe4 Nb5 17. Nf4 Bg4 18. Qe1 Nxd4 19. Qf2 Ne2+ 20. Nxe2 Qxd2 21. Bxf6 Bxf6 22. Rae1 axb4 23. h3 Bxe2 24. Rxe2 Qc3 25. e5 Bxe5 26. Qf5 Ra5 27. Kh1 Qxg3 28. Bf3 Bc7 29. Qd7 Qd6 0-1

[Event "British Championship 2024"]
[Site "Hull"]
[Date "2024.07.31"]
[Round "4.22"]
[White "Shearsby, Jude"]
[Black "Davies, Nigel R"]
[Result "1/2-1/2"]
[Annotator "RC"]
[ECO "B42"]
[WhiteElo "2092"]
[BlackElo "2325"]
[PlyCount "52"]
[EventDate "2024.07.31"]
[EventCountry "GBR"]
[SourceTitle "playchess.com"]
[Source "ChessBase"]
[SourceQuality "1"]
[TimeControl "40/5400+30:1800+30"]

1. e4 c5 2. Nf3 e6 3. d4 cxd4 4. Nxd4 a6 5. Bd3 Bc5 6. Nb3 Ba7 7. O-O Nc6 8. Qe2 d6 9. Be3 Nf6 10. Nc3 Bxe3 11. Qxe3 O-O 12. Rad1 b5 13. Nd4 Qc7 14. Nxc6 Qxc6 15. Be2 Bb7 16. Bf3 Qc7 17. a3 Rfd8 18. Rd2 Rd7 19. Rfd1 Rad8 20. e5 dxe5 21. Bxb7 Qxb7 22. Rxd7 Rxd7 23. Qxe5 h6 24. Rxd7 Qxd7 25. Qe3 Qd6 26. h3 g5 1/2-1/2

[Event "British Championship 2024"]
[Site "Hull"]
[Date "2024.07.31"]
[Round "4.23"]
[White "Mirzoeva, Elmira"]
[Black "Saunders, Aron"]
[Result "1-0"]
[Annotator "RC"]
[ECO "D17"]
[WhiteElo "2260"]
[BlackElo "2105"]
[PlyCount "81"]
[EventDate "2024.07.31"]
[EventCountry "GBR"]
[SourceTitle "playchess.com"]
[Source "ChessBase"]
[SourceQuality "1"]
[TimeControl "40/5400+30:1800+30"]

1. d4 d5 2. c4 c6 3. Nf3 Nf6 4. Nc3 dxc4 5. a4 Bf5 6. Nh4 e6 7. Nxf5 exf5 8. e3 Bd6 9. Bxc4 O-O 10. Qf3 Qd7 11. h3 Na6 12. Bd3 g6 13. g4 Nb4 14. Bb1 c5 15. dxc5 Bxc5 16. O-O Nc6 17. gxf5 Ne5 18. Qg2 Rad8 19. a5 Bb4 20. fxg6 fxg6 21. f4 Nc6 22. a6 b6 23. Bc2 Ne7 24. Ba4 Qe6 25. Nb5 Bc5 26. Nxa7 Nf5 27. Re1 Nh5 28. b4 Nh4 29. Qg4 Qxg4+ 30. hxg4 Rxf4 31. Bb3+ Kg7 32. gxh5 Nf3+ 33. Kf1 Rh4 34. Bb2+ Kh6 35. Re2 Nd2+ 36. Kg2 Rg4+ 37. Kh3 Kxh5 38. bxc5 Rf8 39. Rxd2 Rf3+ 40. Kh2 Rgg3 41. Bd1 1-0

[Event "British Championship 2024"]
[Site "Hull"]
[Date "2024.07.31"]
[Round "4.24"]
[White "Lewis, Andrew P"]
[Black "Dicen, Elis Denele"]
[Result "1-0"]
[Annotator "RC"]
[ECO "A28"]
[WhiteElo "2272"]
[BlackElo "2073"]
[PlyCount "67"]
[EventDate "2024.07.31"]
[EventCountry "GBR"]
[SourceTitle "playchess.com"]
[Source "ChessBase"]
[SourceQuality "1"]
[TimeControl "40/5400+30:1800+30"]

1. c4 e5 2. Nc3 Nf6 3. Nf3 Nc6 4. e4 Bb4 5. d3 d6 6. h3 a5 7. g3 Be6 8. Bg2 Qd7 9. a3 Bc5 10. Bg5 Ng8 11. Be3 Nge7 12. Nd5 O-O 13. g4 Bxe3 14. fxe3 Bxd5 15. cxd5 Nd8 16. O-O c6 17. Nh4 cxd5 18. Nf5 dxe4 19. dxe4 Ne6 20. Qf3 Ra6 21. h4 f6 22. Bh3 g6 23. Nh6+ Kg7 24. g5 fxg5 25. Qxf8+ Nxf8 26. Bxd7 Nxd7 27. hxg5 Nf8 28. Rf7+ Kh8 29. Rxf8+ Kg7 30. Rf7+ Kh8 31. Rxe7 Ra8 32. Rf1 b6 33. Rff7 Rc8 34. Rxh7# 1-0

[Event "British Championship 2024"]
[Site "Hull"]
[Date "2024.07.31"]
[Round "4.25"]
[White "Kalavannan, Koby"]
[Black "Rathbone-Jones, Ifan"]
[Result "0-1"]
[Annotator "RC"]
[ECO "E05"]
[WhiteElo "2265"]
[BlackElo "2014"]
[PlyCount "62"]
[EventDate "2024.07.31"]
[EventCountry "GBR"]
[SourceTitle "playchess.com"]
[Source "ChessBase"]
[SourceQuality "1"]
[TimeControl "40/5400+30:1800+30"]

1. d4 Nf6 2. Nf3 e6 3. c4 d5 4. g3 Be7 5. Bg2 O-O 6. O-O dxc4 7. Qc2 b6 8. e4 Bb7 9. Nbd2 Nbd7 10. e5 Nd5 11. Nxc4 c5 12. dxc5 Rc8 13. Rd1 Rxc5 14. Qd3 Ba6 15. b3 Qc8 16. Bg5 Nxe5 17. Nfxe5 Bxg5 18. f4 Bf6 19. Be4 g6 20. Qf3 Bxe5 21. Nxe5 Nc3 22. Re1 Nxe4 23. Qxe4 Bb7 24. Qe3 Rc3 25. Qe2 Qc5+ 26. Qf2 Qd5 27. Kf1 f6 28. Ng4 Rf3 29. Ne3 Rxf2+ 30. Kxf2 Qf3+ 31. Kg1 Qh1+ 0-1

[Event "British Championship 2024"]
[Site "Hull"]
[Date "2024.07.31"]
[Round "4.26"]
[White "Khoury, Theo"]
[Black "Merriman, John"]
[Result "0-1"]
[Annotator "RC"]
[ECO "C11"]
[WhiteElo "2057"]
[BlackElo "2251"]
[PlyCount "60"]
[EventDate "2024.07.31"]
[EventCountry "GBR"]
[SourceTitle "playchess.com"]
[Source "ChessBase"]
[SourceQuality "1"]
[TimeControl "40/5400+30:1800+30"]

1. e4 e6 2. d4 d5 3. Nc3 Nf6 4. e5 Nfd7 5. f4 c5 6. Nf3 Nc6 7. Be3 Rb8 8. dxc5 Bxc5 9. Qd2 Qa5 10. Bxc5 Nxc5 11. Nb5 Qxd2+ 12. Kxd2 O-O 13. Nbd4 f6 14. c3 g5 15. exf6 gxf4 16. Re1 Rxf6 17. Bd3 Bd7 18. b4 Nxd3 19. Kxd3 Nxd4 20. Nxd4 Kf7 21. Rhf1 Rg8 22. Rf2 Ke7 23. Nf3 Kd6 24. Ne5 Rf5 25. Kd4 Bb5 26. g3 Rxe5 27. Rxe5 fxg3 28. hxg3 Rxg3 29. c4 Bxc4 30. Re3 e5+ 0-1

[Event "British Championship 2024"]
[Site "Hull"]
[Date "2024.07.31"]
[Round "4.27"]
[White "Madhavan, Sanjith"]
[Black "Toma, Katarzyna"]
[Result "1-0"]
[Annotator "RC"]
[ECO "B91"]
[WhiteElo "1998"]
[BlackElo "2220"]
[PlyCount "85"]
[EventDate "2024.07.31"]
[EventCountry "GBR"]
[SourceTitle "playchess.com"]
[Source "ChessBase"]
[SourceQuality "1"]
[TimeControl "40/5400+30:1800+30"]

1. e4 c5 2. Nf3 d6 3. d4 cxd4 4. Nxd4 Nf6 5. Nc3 a6 6. g3 e5 7. Nde2 Be6 8. Bg2 Be7 9. a4 Nbd7 10. h3 Nb6 11. b3 d5 12. a5 d4 13. axb6 dxc3 14. O-O Qc8 15. Kh2 O-O 16. Qe1 Bb4 17. f4 Qc5 18. fxe5 Nd7 19. Nf4 Nxb6 20. Nd3 Qe7 21. Nxb4 Qxb4 22. Ba3 Qd4 23. Rd1 Qxe5 24. Bd6 Qa5 25. Ra1 Qb5 26. Bxf8 Rxf8 27. Qxc3 Rc8 28. Qd2 Nd7 29. Ra4 h6 30. Rd4 Rc7 31. Rf2 Qe5 32. Rd3 b5 33. Qf4 Qc5 34. b4 Qa7 35. Rd6 Rc4 36. Rxe6 fxe6 37. Qf7+ Kh8 38. Qe8+ Kh7 39. Rf7 Rc7 40. Qxe6 Qd4 41. Qf5+ Kg8 42. e5 Ra7 43. c3 1-0

[Event "British Championship 2024"]
[Site "Hull"]
[Date "2024.07.31"]
[Round "4.29"]
[White "Villiers, Thomas"]
[Black "Kalaiyalahan, Akshaya"]
[Result "1/2-1/2"]
[Annotator "RC"]
[ECO "B36"]
[WhiteElo "2229"]
[BlackElo "2140"]
[PlyCount "56"]
[EventDate "2024.07.31"]
[EventCountry "GBR"]
[SourceTitle "playchess.com"]
[Source "ChessBase"]
[SourceQuality "1"]
[TimeControl "40/5400+30:1800+30"]

1. e4 c5 2. Nf3 Nc6 3. d4 cxd4 4. Nxd4 g6 5. c4 Nf6 6. Nc3 d6 7. Be2 Nxd4 8. Qxd4 Bg7 9. f3 O-O 10. Qf2 Be6 11. O-O Qa5 12. Be3 Rfc8 13. Nd5 Nxd5 14. cxd5 Bd7 15. Bd3 Bb5 16. Rfd1 Qa6 17. Bxb5 Qxb5 18. Rac1 Qxb2 19. Qxb2 Bxb2 20. Rxc8+ Rxc8 21. Bxa7 Ra8 22. Rb1 Bf6 23. Be3 Rxa2 24. Rxb7 Ra1+ 25. Kf2 Ra2+ 26. Kf1 Ra1+ 27. Kf2 Ra2+ 28. Kf1 Ra1+ 1/2-1/2

[Event "British Championship 2024"]
[Site "Hull"]
[Date "2024.07.31"]
[Round "4.30"]
[White "Verma, Aditya"]
[Black "Ledger, Dave J"]
[Result "0-1"]
[Annotator "RC"]
[ECO "C72"]
[WhiteElo "2118"]
[BlackElo "2201"]
[PlyCount "58"]
[EventDate "2024.07.31"]
[EventCountry "GBR"]
[SourceTitle "playchess.com"]
[Source "ChessBase"]
[SourceQuality "1"]
[TimeControl "40/5400+30:1800+30"]

1. e4 e5 2. Nf3 Nc6 3. Bb5 a6 4. Ba4 d6 5. c3 Bd7 6. O-O g5 7. d4 g4 8. Ne1 h5 9. f4 exd4 10. cxd4 d5 11. e5 Nh6 12. Nc3 Be6 13. Bxc6+ bxc6 14. Qa4 Qd7 15. Be3 Nf5 16. Nd1 c5 17. Qxd7+ Kxd7 18. Nc2 cxd4 19. Nxd4 c5 20. Nxf5 Bxf5 21. b3 Be7 22. Rc1 Rac8 23. Nb2 Rc6 24. Na4 Rhc8 25. Rfd1 Ke6 26. g3 R8c7 27. Bf2 Be4 28. Rc3 c4 29. Rdc1 Bb4 0-1

[Event "British Championship 2024"]
[Site "Hull"]
[Date "2024.07.31"]
[Round "4.31"]
[White "Sivanandan, Bodhana"]
[Black "Subramanian, Anusha"]
[Result "1-0"]
[Annotator "RC"]
[ECO "C47"]
[WhiteElo "2110"]
[BlackElo "2050"]
[PlyCount "71"]
[EventDate "2024.07.31"]
[EventCountry "GBR"]
[SourceTitle "playchess.com"]
[Source "ChessBase"]
[SourceQuality "1"]
[TimeControl "40/5400+30:1800+30"]

1. e4 e5 2. Nf3 Nc6 3. Nc3 Nf6 4. d4 exd4 5. Nxd4 Bc5 6. Be3 Bb4 7. Nxc6 bxc6 8. Bd3 O-O 9. O-O d5 10. exd5 cxd5 11. h3 c6 12. Bf4 Bd6 13. Qf3 Bb7 14. Ne2 c5 15. c3 Rb8 16. Bxd6 Qxd6 17. Qg3 Qb6 18. b3 Rfe8 19. Nf4 Rbd8 20. Rfe1 a6 21. Rad1 Qa5 22. Rxe8+ Rxe8 23. Bb1 d4 24. b4 Qa4 25. Rc1 Qa3 26. Rf1 dxc3 27. bxc5 Qxc5 28. Rc1 Qb4 29. Nd3 Qa5 30. Nf4 Rc8 31. Ne2 c2 32. Bxc2 Qxa2 33. Bd3 Rxc1+ 34. Nxc1 Qe6 35. Nb3 Qd5 36. Qb8+ 1-0

[Event "British Championship 2024"]
[Site "Hull"]
[Date "2024.07.31"]
[Round "4.32"]
[White "Hryshchenko, Kamila"]
[Black "Murawski, Jan"]
[Result "1-0"]
[Annotator "RC"]
[ECO "C48"]
[WhiteElo "2161"]
[BlackElo "2134"]
[PlyCount "209"]
[EventDate "2024.07.31"]
[EventCountry "GBR"]
[SourceTitle "playchess.com"]
[Source "ChessBase"]
[SourceQuality "1"]
[TimeControl "40/5400+30:1800+30"]

1. e4 e5 2. Nf3 Nc6 3. Bb5 Nf6 4. d3 Bc5 5. Nc3 Nd4 6. Nxd4 Bxd4 7. O-O O-O 8. h3 d5 9. exd5 Bxc3 10. bxc3 Nxd5 11. Qf3 c6 12. Bc4 Be6 13. a4 Re8 14. Re1 Nf6 15. Bxe6 Rxe6 16. a5 b5 17. a6 Qd5 18. Qxd5 cxd5 19. Ra5 Rb8 20. Bd2 Rbb6 21. Rea1 d4 22. cxd4 exd4 23. Rb1 h6 24. Rbxb5 Rxb5 25. Rxb5 Rxa6 26. Rb8+ Kh7 27. Rb4 Rc6 28. Rxd4 Rxc2 29. Be1 Ra2 30. Kf1 a5 31. Rd6 a4 32. Bc3 Ne8 33. Rd7 Kg6 34. Ke1 f6 35. Bd4 Ra3 36. Kd2 Ra2+ 37. Kc3 a3 38. Be3 f5 39. Ra7 Nf6 40. Kb3 Rb2+ 41. Kxa3 Rb1 42. Ka2 Rg1 43. g3 Rh1 44. Kb3 Rxh3 45. Kc4 Rh1 46. d4 Rd1 47. Re7 h5 48. Bf4 Ng4 49. d5 Nxf2 50. Be5 Ng4 51. Bxg7 Nf2 52. Be5 Ne4 53. Re6+ Kf7 54. Rh6 Rc1+ 55. Kb4 Rc5 56. Rf6+ Ke8 57. Re6+ Kf7 58. Rd6 Rc1 59. Rc6 Rb1+ 60. Kc4 Rc1+ 61. Kb3 Rd1 62. Kc4 Rc1+ 63. Kb5 Rb1+ 64. Kc4 Rc1+ 65. Kb3 Rd1 66. Rc7+ Ke8 67. Kc4 Rc1+ 68. Kb5 Rxc7 69. Bxc7 Kd7 70. Bf4 Nd6+ 71. Kc5 Nf7 72. d6 Nd8 73. Kd5 Ne6 74. Be3 Nd8 75. Bd2 Ne6 76. Ke5 Nd8 77. Bf4 Ne6 78. Bc1 Nd8 79. Ba3 Ne6 80. Kxf5 Nd4+ 81. Kf4 Ne2+ 82. Kf3 Nd4+ 83. Kg2 Ne2 84. Bc5 Nc3 85. Kf3 Nb5 86. Kf4 h4 87. gxh4 Nxd6 88. Ke5 Nf7+ 89. Kf6 Nh6 90. h5 Ke8 91. Bb4 Ng4+ 92. Kg5 Ne5 93. Kf6 Ng4+ 94. Kf5 Nh6+ 95. Kg5 Nf7+ 96. Kf6 Nh6 97. Bd2 Ng8+ 98. Kg7 Ne7 99. Bb4 Nf5+ 100. Kg6 Nh4+ 101. Kf6 Nf3 102. h6 Ng5 103. Kxg5 Kf7 104. Bc3 Kf8 105. h7 1-0

[Event "British Championship 2024"]
[Site "Hull"]
[Date "2024.07.31"]
[Round "4.33"]
[White "Badacsonyi, Stanley"]
[Black "Verbytski, Oleg"]
[Result "1-0"]
[Annotator "RC"]
[ECO "D36"]
[WhiteElo "2132"]
[BlackElo "2008"]
[PlyCount "80"]
[EventDate "2024.07.31"]
[EventCountry "GBR"]
[SourceTitle "playchess.com"]
[Source "ChessBase"]
[SourceQuality "1"]
[TimeControl "40/5400+30:1800+30"]

1. d4 d5 2. c4 e6 3. Nc3 Nf6 4. cxd5 exd5 5. Bg5 c6 6. e3 h6 7. Bh4 Be7 8. Bd3 O-O 9. Nge2 Nbd7 10. Qc2 Re8 11. O-O Nf8 12. f3 Ne6 13. Bf2 b5 14. Rad1 Bd7 15. h3 Rc8 16. e4 b4 17. Na4 dxe4 18. fxe4 Qa5 19. b3 c5 20. d5 Nd4 21. Nxd4 cxd4 22. Qe2 Bxa4 23. bxa4 Bc5 24. Qf3 Nd7 25. Bb5 Red8 26. Bh4 f6 27. Bxd7 Rxd7 28. Qg4 Qxa4 29. Rxf6 d3+ 30. Kh2 Bd4 31. Rff1 Qb5 32. Rf3 d2 33. Rxd2 Bc3 34. Rdf2 Bd4 35. Qe6+ Kh7 36. Rf1 Rdc7 37. Bg3 Rc2 38. Rf8 Rxg2+ 39. Kxg2 Qe2+ 40. R1f2 Bxf2 1-0

[Event "British Championship 2024"]
[Site "Hull"]
[Date "2024.07.31"]
[Round "4.34"]
[White "Pal, Rohan"]
[Black "Banerjee, Supratit"]
[Result "0-1"]
[Annotator "RC"]
[ECO "D41"]
[WhiteElo "2097"]
[BlackElo "2115"]
[PlyCount "52"]
[EventDate "2024.07.31"]
[EventCountry "GBR"]
[SourceTitle "playchess.com"]
[Source "ChessBase"]
[SourceQuality "1"]
[TimeControl "40/5400+30:1800+30"]

1. d4 d5 2. c4 e6 3. Nc3 Be7 4. Nf3 Nf6 5. Bg5 O-O 6. e3 Nbd7 7. Bd3 dxc4 8. Bxc4 c5 9. O-O Nb6 10. Bd3 cxd4 11. exd4 Nbd5 12. Qe2 h6 13. Nxd5 Nxd5 14. Bxe7 Qxe7 15. Qe4 Nf6 16. Qf4 Rd8 17. Rac1 Qd6 18. Qe3 b6 19. Bb1 Bb7 20. Rcd1 Ng4 21. Qd3 Bxf3 22. Qh7+ Kf8 23. g3 Bxd1 24. Rxd1 Qd5 25. Qh8+ Ke7 26. Qxg7 Qh5 0-1

[Event "British Championship 2024"]
[Site "Hull"]
[Date "2024.07.31"]
[Round "4.35"]
[White "Sachdeva, Ronit"]
[Black "Mitchell, Martin"]
[Result "1/2-1/2"]
[Annotator "RC"]
[ECO "E04"]
[WhiteElo "1907"]
[BlackElo "2159"]
[PlyCount "122"]
[EventDate "2024.07.31"]
[EventCountry "GBR"]
[SourceTitle "playchess.com"]
[Source "ChessBase"]
[SourceQuality "1"]
[TimeControl "40/5400+30:1800+30"]

1. Nf3 Nf6 2. c4 e6 3. g3 d5 4. d4 dxc4 5. Bg2 a6 6. O-O Nc6 7. e3 Rb8 8. Nfd2 Nb4 9. Nxc4 c5 10. a3 Nc6 11. dxc5 Qxd1 12. Rxd1 Bxc5 13. b4 Ba7 14. Nd6+ Ke7 15. Nxc8+ Rbxc8 16. Bb2 Rhd8 17. Nc3 Rxd1+ 18. Rxd1 a5 19. b5 Ne5 20. Na4 Nc4 21. Bxb7 Nxb2 22. Nxb2 Rc3 23. a4 Nd7 24. Nd3 f6 25. Bc6 Nb8 26. Bf3 Rc4 27. Nb2 Rc2 28. Rb1 Nd7 29. Kf1 Bc5 30. Nd3 Bb6 31. Ke1 Ra2 32. Bd1 Ra3 33. Bb3 e5 34. e4 Bd4 35. Kd2 Ra1 36. Rxa1 Bxa1 37. f3 Kd6 38. Kc2 Bd4 39. Nb2 Nb6 40. Nd3 Bg1 41. h3 Bh2 42. g4 Bg1 43. Kd2 Nd7 44. Bg8 h6 45. Kc2 Nb6 46. Kb3 Bd4 47. Bf7 Ke7 48. Bg6 Kd6 49. Bf5 Na8 50. Ne1 Nb6 51. Nd3 Be3 52. h4 g5 53. h5 Na8 54. Bh7 Nb6 55. Bg8 Bd4 56. Bf7 Ke7 57. Bc4 Kd6 58. Bg8 Nd7 59. Bf7 Nc5+ 60. Nxc5 Bxc5 61. Kc4 Bb6 1/2-1/2

[Event "British Championship 2024"]
[Site "Hull"]
[Date "2024.07.31"]
[Round "4.36"]
[White "Larkin, Benjamin"]
[Black "Stubbs, Oliver"]
[Result "1/2-1/2"]
[Annotator "RC"]
[ECO "C11"]
[WhiteElo "1952"]
[BlackElo "2146"]
[PlyCount "57"]
[EventDate "2024.07.31"]
[EventCountry "GBR"]
[SourceTitle "playchess.com"]
[Source "ChessBase"]
[SourceQuality "1"]
[TimeControl "40/5400+30:1800+30"]

1. e4 e6 2. d4 d5 3. Nc3 Nf6 4. e5 Nfd7 5. f4 c5 6. Nf3 Nc6 7. Be3 a6 8. Qd2 Be7 9. Bd3 b5 10. Qf2 b4 11. Na4 c4 12. Be2 Nb6 13. Nc5 a5 14. O-O O-O 15. a4 bxa3 16. Rxa3 Nd7 17. c3 Nxc5 18. dxc5 f6 19. Nd4 Bd7 20. exf6 Bxf6 21. Bg4 Re8 22. Nxc6 Bxc6 23. Bd4 Qc7 24. Re1 e5 25. fxe5 Bxe5 26. Bxe5 Rxe5 27. Rxe5 Qxe5 28. Bf3 a4 29. h3 1/2-1/2

[Event "British Championship 2024"]
[Site "Hull"]
[Date "2024.07.31"]
[Round "4.37"]
[White "Sanger, Jake M"]
[Black "Larchikov, Maksym"]
[Result "0-1"]
[Annotator "RC"]
[ECO "E05"]
[WhiteElo "2026"]
[BlackElo "2181"]
[PlyCount "72"]
[EventDate "2024.07.31"]
[EventCountry "GBR"]
[SourceTitle "playchess.com"]
[Source "ChessBase"]
[SourceQuality "1"]
[TimeControl "40/5400+30:1800+30"]

1. d4 d5 2. c4 e6 3. Nf3 Nf6 4. g3 Be7 5. Bg2 O-O 6. O-O dxc4 7. Qc2 a6 8. a4 Bd7 9. Qxc4 Bc6 10. Bg5 Nbd7 11. Nbd2 Rc8 12. Qc2 Nd5 13. Bxe7 Qxe7 14. e4 Nb4 15. Qc3 a5 16. Rfe1 Qf6 17. Nc4 b6 18. Nce5 Nxe5 19. Nxe5 Be8 20. Qb3 c5 21. Nc4 cxd4 22. e5 Qd8 23. Nd6 Rc7 24. Rad1 Bc6 25. Be4 Bxe4 26. Rxe4 d3 27. Rxb4 axb4 28. Rxd3 Qa8 29. f3 Qa5 30. Nb5 Rc5 31. Rd7 Qa8 32. Rd6 Rxe5 33. Rxb6 Qc8 34. Qxb4 Qc1+ 35. Kg2 Qc2+ 36. Kg1 Re2 0-1

[Event "British Championship 2024"]
[Site "Hull"]
[Date "2024.07.31"]
[Round "4.38"]
[White "Verma, Shlok"]
[Black "Taylor, Adam A"]
[Result "0-1"]
[Annotator "RC"]
[ECO "E14"]
[WhiteElo "2102"]
[BlackElo "2281"]
[PlyCount "110"]
[EventDate "2024.07.31"]
[EventCountry "GBR"]
[SourceTitle "playchess.com"]
[Source "ChessBase"]
[SourceQuality "1"]
[TimeControl "40/5400+30:1800+30"]

1. d4 Nf6 2. c4 e6 3. Nf3 Bb4+ 4. Nbd2 b6 5. a3 Bxd2+ 6. Qxd2 Bb7 7. e3 O-O 8. Be2 d6 9. b4 Nbd7 10. O-O Ne4 11. Qc2 f5 12. d5 e5 13. Nd2 a5 14. f3 Nxd2 15. Bxd2 c6 16. dxc6 Bxc6 17. Bd3 Qf6 18. e4 fxe4 19. Bxe4 Bxe4 20. Qxe4 Qe6 21. Rfc1 Rfc8 22. Rab1 axb4 23. axb4 Nf6 24. Qd3 d5 25. cxd5 Qxd5 26. Qe3 e4 27. fxe4 Nxe4 28. Be1 b5 29. Rd1 Qf5 30. Rbc1 Rxc1 31. Rxc1 h6 32. Qf3 Qg6 33. Qe2 Qf5 34. Qf3 Qg6 35. Qb3+ Kh8 36. Qd5 Qb6+ 37. Kh1 Rf8 38. Bh4 Qe3 39. Qd1 Rf4 40. Bg3 Rf5 41. Bh4 Qf4 42. g4 Rf8 43. Kg2 h5 44. Bg3 Nxg3 45. hxg3 Qe4+ 46. Kh3 Rf2 47. Rc8+ Kh7 48. Rc5 hxg4+ 49. Kh4 Rh2+ 50. Kg5 Qg6+ 51. Kf4 Rf2+ 52. Ke3 Rf3+ 53. Kd4 Qd6+ 54. Rd5 Qxb4+ 55. Ke5 Qe7+ 0-1

[Event "British Championship 2024"]
[Site "Hull"]
[Date "2024.07.31"]
[Round "4.39"]
[White "Arnott, Jonathan W"]
[Black "Bradbury, Neil H"]
[Result "1/2-1/2"]
[Annotator "RC"]
[ECO "B15"]
[WhiteElo "2104"]
[BlackElo "2153"]
[PlyCount "140"]
[EventDate "2024.07.31"]
[EventCountry "GBR"]
[SourceTitle "playchess.com"]
[Source "ChessBase"]
[SourceQuality "1"]
[TimeControl "40/5400+30:1800+30"]

1. e4 c6 2. d4 d5 3. Nc3 dxe4 4. Nxe4 Nf6 5. Nxf6+ exf6 6. Be3 Bd6 7. Bd3 O-O 8. Qh5 g6 9. Qf3 Be6 10. Ne2 Re8 11. Nf4 Nd7 12. Nxe6 Rxe6 13. O-O-O f5 14. Bc4 Re4 15. Bd3 Re8 16. h4 h5 17. Bxf5 gxf5 18. Qxf5 Re6 19. Qxh5 Rg6 20. Qf5 Nf8 21. d5 Qc8 22. Qd3 cxd5 23. h5 Re6 24. Qxd5 Be5 25. Rh4 Qc6 26. Rg4+ Kh8 27. Qxc6 bxc6 28. c3 Nh7 29. Ra4 Re7 30. Bc5 Rb7 31. Kc2 Nf8 32. Re4 Bf6 33. Bxf8 Rxf8 34. Rd6 Bd8 35. Rxc6 Bb6 36. f3 Rd7 37. Rcc4 Rfd8 38. Re2 Kg7 39. Rce4 Rd5 40. Re5 Rd1 41. a4 Ra1 42. R5e4 Rd5 43. Rg4+ Kf6 44. Rf4+ Rf5 45. Ree4 Rh1 46. g4 Rxf4 47. Rxf4+ Ke6 48. Kd3 f6 49. Kc4 a6 50. Re4+ Kd6 51. f4 f5 52. gxf5 Rxh5 53. Re6+ Kc7 54. Rf6 Kb7 55. Kd5 Bc7 56. Ke6 Rh4 57. Rg6 Rxf4 58. f6 Rxa4 59. f7 Re4+ 60. Kd7 Rf4 61. Ke7 Bb6 62. Rxb6+ Kxb6 63. f8=Q Rxf8 64. Kxf8 Kb5 65. b3 a5 66. Ke7 a4 67. c4+ Kb4 68. bxa4 Kxc4 69. a5 Kb5 70. a6 Kxa6 1/2-1/2

[Event "British Championship 2024"]
[Site "Hull"]
[Date "2024.07.31"]
[Round "4.41"]
[White "Lentzos, Ioanis"]
[Black "Starley, Robert"]
[Result "0-1"]
[Annotator "RC"]
[ECO "A50"]
[WhiteElo "2119"]
[BlackElo "2017"]
[PlyCount "120"]
[EventDate "2024.07.31"]
[EventCountry "GBR"]
[SourceTitle "playchess.com"]
[Source "ChessBase"]
[SourceQuality "1"]
[TimeControl "40/5400+30:1800+30"]

1. c4 b6 2. d4 Bb7 3. Nc3 e6 4. a3 Nf6 5. d5 Bd6 6. Nf3 O-O 7. g3 c6 8. Bg2 cxd5 9. cxd5 Na6 10. O-O exd5 11. Nb5 Be7 12. b4 Nc7 13. Nxc7 Qxc7 14. Nd4 g6 15. Bb2 Rfc8 16. Rc1 Qd8 17. Nb5 Rxc1 18. Qxc1 Bc6 19. Nd4 Rc8 20. Qf4 Bb7 21. Nb5 Rc4 22. Qe5 Ba6 23. Bxd5 Bxb5 24. Bxc4 Bxc4 25. g4 d6 26. Qd4 Bxe2 27. g5 Bxf1 28. Kxf1 Bf8 29. gxf6 d5 30. Bc1 Qc8 31. Be3 Qc4+ 32. Qxc4 dxc4 33. Ke2 Bd6 34. Kf3 Be5 35. Ke4 Bxf6 36. a4 c3 37. Kd3 Kf8 38. b5 Ke8 39. a5 bxa5 40. Bxa7 Kd7 41. Be3 Kd6 42. Kc4 c2 43. Bc1 Kc7 44. Kb3 Kb6 45. Kc4 Kb7 46. f3 Bd8 47. Kb3 Kb6 48. Kc4 Be7 49. Be3+ Kb7 50. Kb3 Bc5 51. Bd2 f6 52. Ka4 Bd4 53. Bc1 Kb6 54. h3 g5 55. Kb3 Kxb5 56. f4 gxf4 57. Bxf4 a4+ 58. Kxc2 Kc4 59. Bc1 f5 60. Bf4 a3 0-1

[Event "British Championship 2024"]
[Site "Hull"]
[Date "2024.07.31"]
[Round "4.43"]
[White "Merriman, James"]
[Black "Beaumont, Chris R"]
[Result "1-0"]
[Annotator "RC"]
[ECO "A65"]
[WhiteElo "1974"]
[BlackElo "2198"]
[PlyCount "59"]
[EventDate "2024.07.31"]
[EventCountry "GBR"]
[SourceTitle "playchess.com"]
[Source "ChessBase"]
[SourceQuality "1"]
[TimeControl "40/5400+30:1800+30"]

1. d4 Nf6 2. c4 g6 3. f3 Bg7 4. e4 d6 5. Nc3 O-O 6. Bg5 h6 7. Be3 c5 8. d5 e6 9. Qd2 exd5 10. cxd5 Re8 11. Nge2 Nbd7 12. Nc1 a6 13. a4 Rb8 14. Be2 Kh7 15. O-O Qc7 16. Rb1 c4 17. b4 h5 18. b5 Ne5 19. b6 Qe7 20. h3 Ng8 21. f4 Nd7 22. Bd4 Bxd4+ 23. Qxd4 Nc5 24. Bf3 Nf6 25. Re1 Bf5 26. N1e2 Nfxe4 27. Nxe4 Nxe4 28. Ng3 Qf6 29. Nxf5 gxf5 30. Rxe4 1-0